 Dungeon Crawl Stone Soup version 0.25-a0-71-ge910a4a285 (webtiles) character file.

Game seed: 4793855325022137896, levelgen mode: deterministic

15143 MrRokkomies the Spear-Bearer (level 12, -9/91 HPs)
             Began as an Octopode Berserker on Nov 3, 2019.
             Was an Elder of Trog.
             Mangled by a death yak (24 damage)
             ... on level 3 of the Lair of Beasts.
             The game lasted 00:32:44 (12201 turns).

MrRokkomies the Spear-Bearer (Octopode Berserker)  Turns: 12201, Time: 00:32:44

Health: -9/91      AC:  9    Str: 17    XL:     12   Next: 23%
Magic:  12/12      EV: 14    Int:  9    God:    Trog [****..]
Gold:   524        SH:  0    Dex: 14    Spells: 11/11 levels left

rFire    . . .     SeeInvis +   a - +0 glaive
rCold    . . .     Gourm    .   (shield currently unavailable)
rNeg     . . .     Faith    .   (helmet restricted)
rPois    .         Spirit   .   (no amulet)
rElec    .         Reflect  .   g - +3 ring of protection
rCorr    .         Harm     .   z - +5 ring of protection
MR       .....                  B - ring of see invisible
Stlth    ++++++....             (no ring)
HPRegen  0.25/turn              (no ring)
MPRegen  0.13/turn              (no ring)
                                (no ring)
                                (no ring)

@: berserk cooldown, very slightly contaminated, slowed, very slow
A: almost no armour, stealthy swim, amphibious, 8 rings, constrict 8, antennae
1, camouflage 1, clumsy 1, robust 1, gelatinous body 1
a: Berserk, Trog's Hand, Brothers in Arms, Renounce Religion


You were on level 3 of the Lair of Beasts.
You worshipped Trog.
Trog was greatly pleased with you.
You were not hungry.

You visited 2 branches of the dungeon, and saw 12 of its levels.

You collected 524 gold pieces.

Inventory:

Hand Weapons
 a - a +0 glaive (weapon)
 l - a +1 dagger of venom
 D - a +2 antimagic halberd
Missiles
 c - 317 stones
 d - 12 javelins (quivered)
 i - 24 poisoned darts
 u - 2 atropa-tipped darts
Jewellery
 g - a +3 ring of protection (left tentacle)
 w - an uncursed ring of ice
 z - a +5 ring of protection (right tentacle)
 B - a ring of see invisible (on tentacle)
Wands
 p - a wand of polymorph (14)
 s - a wand of enslavement (5)
 t - a wand of flame (14)
 y - a wand of disintegration (9)
Scrolls
 m - 3 scrolls of immolation
 o - 5 scrolls of remove curse
 v - a scroll of blinking
 x - 5 scrolls of teleportation
 F - a scroll of identify
Potions
 e - 9 potions of curing
 f - 2 potions of magic
 h - 3 potions of berserk rage
 j - 3 potions of haste
 k - 4 potions of might
 n - 2 potions of resistance
 q - 3 potions of brilliance
 r - 2 potions of flight
 A - a potion of heal wounds
 C - a potion of cancellation {unknown}
Miscellaneous
 E - a sack of spiders
Comestibles
 b - 21 rations


   Skills:
 - Level 8.2 Fighting
 * Level 12.5 Polearms
 * Level 9.9 Throwing
 - Level 3.0 Dodging
 + Level 12.1 Stealth


You had 11 spell levels left.
You didn't know any spells.
Your spell library was empty.

Dungeon Overview and Level Annotations

Branches:
Dungeon (9/15)             Temple (0/1) D:7            Lair (3/6) D:9
 Shoals (0/4) Lair:3        Snake (0/4) Lair:2
    Orc: D:9-12

Altars:
Cheibriados
Elyvilon
Gozag
Hepliaklqana
Kikubaaqudgha
Makhleb
Qazlal
Ru
Sif Muna
Vehumet
Xom
Zin
The Shining One


Innate Abilities, Weirdness & Mutations

You cannot wear most types of armour.
You are very stealthy in the water. (Stealth+)
You are amphibious.
You can wear up to eight rings at the same time.
You can use your tentacles to constrict eight enemies at once.
Your skin changes colour to match your surroundings (Stealth+).
Your rubbery body absorbs attacks. (AC +1, EV +1)
You have a pair of small antennae on your head.
You are clumsy. (Dex -2)
You are robust. (+10% HP)


Message History

You slash the death yak!
The death yak is heavily wounded.
You hit the death yak.
The death yak is heavily wounded.
The death yak is no longer blind.
The death yak gores you but does no damage.
The death yak closely misses you.
Fire/throw which item? (* to show all) (? for menu, Esc to quit)
Throwing (i - inventory. (/) - cycle)
d - 12 javelins (quivered)
Press: ? - help, Shift-Dir - straight line, f/p - death yak
Aim: a death yak (heavily wounded, chance to blind on hit: 38%)
You throw an atropa-tipped dart.
The atropa-tipped dart barely misses the death yak.
You hear a splash.
The death yak gores you!
* * * LOW HITPOINT WARNING * * *
You feel much better. The death yak gores you!
* * * LOW HITPOINT WARNING * * *
The death yak gores you!!
You die...

##...........# ##...#........##
### .##..P.........###.### ###
###
..#....?........##...####.###.##
(..............................##
.................................
(....<................P..........
...............(.................
................@................
...............(Y................
........≈≈≈.≈≈≈(.##...#....##..##
P......≈≈≈≈.≈≈†≈≈####.#P.####..P.
###P..≈≈≈##'##≈(≈≈# ####P###.^...
###.≈≈##...##≈≈## ####......
##.≈≈#.....#≈≈≈# #......
##..≈≈#..>..#≈(## ##.....
#...≈≈#.....#≈≈# #.....


You could see a death yak.

Vanquished Creatures
  2 hydras
  4 death yaks (Lair:3)
  A black mamba (Lair:1)
  3 spiny frogs
  3 komodo dragons
  Grinder (D:6)
  2 dream sheep (D:9)
  2 hippogriffs
  A snapping turtle (Lair:3)
  13 yaks
  Eustachio (D:4)
  5 nagas (Lair:2)
  7 water moccasins
  A porcupine (Lair:1)
  An orc warrior (D:6)
  4 ice beasts
  2 sky beasts
  6 ogres
  A phantom (D:8)
  7 wolves (Lair:2)
  5 centaurs
  2 crocodiles
  3 big kobolds (D:9)
  5 bullfrogs
  A scorpion (D:8)
  5 wights (D:9)
  5 howler monkeys
  An electric eel (Lair:3)
  6 hounds
  5 jellies
  A quasit (D:9)
  5 crimson imps
  5 orc priests
  4 worker ants
  3 iguanas
  10 orc wizards
  A hound skeleton (D:5)
  14 adders
  4 gnolls (D:2)
  A shadow imp (D:7)
  2 oozes (D:2)
  2 adder skeletons
  3 worms
  3 dart slugs
  10 leopard geckos
  38 orcs
  11 bats
  8 giant cockroaches
  4 goblins
  8 hobgoblins
  20 jackals
  11 kobolds
  2 quokkas
  A ball python (D:2)
  4 frilled lizards
  6 rats
286 creatures vanquished.

Vanquished Creatures (others)
  9 toadstools (Lair:3)
9 creatures vanquished.

Grand Total: 295 creatures vanquished

Notes
Turn   | Place    | Note
-------+----------+-------------------------------------------
     0 | D:1      | MrRokkomies the Octopode Berserker began the quest for the
                  | Orb.
     0 | D:1      | Reached XP level 1. HP: 16/16 MP: 1/1
   153 | D:1      | Reached XP level 2. HP: 21/21 MP: 2/2
   357 | D:1      | Reached skill level 1 in Stealth
   745 | D:2      | Reached XP level 3. HP: 22/26 MP: 3/3
  1005 | D:2      | Reached ** piety under Trog
  1102 | D:2      | Reached XP level 4. HP: 19/33 MP: 4/4
  1464 | D:2      | Reached XP level 5. HP: 37/37 MP: 5/5
  1821 | D:3      | Reached *** piety under Trog
  1826 | D:3      | Reached XP level 6. HP: 44/44 MP: 6/6
  2169 | D:3      | Found a faded altar of an unknown god.
  2309 | D:3      | Reached skill level 5 in Fighting
  2439 | D:3      | Found an opulent altar of Gozag.
  2595 | D:4      | Found a sacrificial altar of Ru.
  2621 | D:4      | Noticed Eustachio
  2633 | D:4      | Killed Eustachio
  2633 | D:4      | Reached skill level 5 in Polearms
  2633 | D:4      | Reached XP level 7. HP: 48/50 MP: 7/7
  2932 | D:4      | Gained mutation: You are clumsy. (Dex -2) [potion of
                  | mutation]
  2932 | D:4      | Gained mutation: You have a pair of small antennae on your
                  | head. [potion of mutation]
  2932 | D:4      | Gained mutation: You are robust. (+10% HP) [potion of
                  | mutation]
  3381 | D:4      | Found a shimmering altar of Xom.
  3382 | D:4      | Found a hazy altar of Hepliaklqana.
  3382 | D:4      | Noticed a tentacled monstrosity
  3383 | D:4      | Noticed a tentacled monstrosity
  3383 | D:4      | Noticed a spectral ugly thing
  3542 | D:5      | Entered Level 5 of the Dungeon
  3565 | D:5      | Found a burning altar of Makhleb.
  3573 | D:5      | HP: 1/56 [centaur/arrow (18)]
  3575 | D:5      | Found a snail-covered altar of Cheibriados.
  3586 | D:5      | Reached skill level 5 in Stealth
  3894 | D:5      | Found a sacrificial altar of Ru.
  3894 | D:5      | Found a glowing silver altar of Zin.
  3895 | D:5      | Found a stormy altar of Qazlal.
  3949 | D:5      | Reached XP level 8. HP: 58/63 MP: 8/8
  4208 | D:5      | Reached **** piety under Trog
  4367 | D:5      | Found a stormy altar of Qazlal.
  4492 | D:6      | Noticed Grinder
  4506 | D:6      | Killed Grinder
  4506 | D:6      | Reached XP level 9. HP: 72/72 MP: 9/9
  4780 | D:6      | Found a glowing golden altar of the Shining One.
  4855 | D:6      | Found a radiant altar of Vehumet.
  5012 | D:6      | Reached skill level 1 in Throwing
  5412 | D:7      | Found a staircase to the Ecumenical Temple.
  5607 | D:7      | Reached ***** piety under Trog
  5607 | D:7      | Received a gift from Trog
  6167 | D:7      | Found a faded altar of an unknown god.
  6167 | D:7      | Found an ancient bone altar of Kikubaaqudgha.
  6172 | D:7      | Found a faded altar of an unknown god.
  6174 | D:7      | Found a shimmering blue altar of Sif Muna.
  6175 | D:7      | Found a white marble altar of Elyvilon.
  6279 | D:8      | Received a gift from Trog
  6378 | D:8      | Reached XP level 10. HP: 75/79 MP: 10/10
  7021 | D:9      | Reached skill level 5 in Throwing
  7289 | D:9      | Reached skill level 10 in Polearms
  7580 | D:9      | Found a staircase to the Lair.
  7781 | D:9      | Received a gift from Trog
  7786 | D:9      | Reached skill level 10 in Stealth
  7945 | D:9      | Noticed a three-headed hydra
  7966 | D:9      | Killed a three-headed hydra
  7966 | D:9      | Reached XP level 11. HP: 31/84 MP: 4/11
  8697 | Lair:1   | Entered Level 1 of the Lair of Beasts
  8923 | Lair:1   | Noticed a six-headed hydra
  8929 | Lair:1   | Killed a six-headed hydra
 10556 | Lair:2   | Found a staircase to the Snake Pit.
 11356 | Lair:3   | Noticed a death yak
 11364 | Lair:3   | Noticed a death yak
 11366 | Lair:3   | Noticed a death yak
 11366 | Lair:3   | Noticed a death yak
 11368 | Lair:3   | Noticed a death yak
 11372 | Lair:3   | Killed a death yak
 11377 | Lair:3   | Killed a death yak
 11377 | Lair:3   | Reached XP level 12. HP: 60/91 MP: 12/12
 11932 | Lair:3   | Found a staircase to the Shoals.
 12173 | Lair:3   | Killed a death yak
 12177 | Lair:3   | Killed a death yak
 12201 | Lair:3   | Mangled by a death yak

Levels and vault maps discovered:
D:1:      minmay_arrival_arboretum_small, layout_loops_corners
D:2:      minmay_recursive_quarters, layout_rooms
D:3:      layout_loops_corners, nicolae_overflow_hidden_temple,
          chequers_ecumenical_altar_simple_redux
D:4:      layout_basic, regret_index_temple_of_mockery,
          nicolae_ru_the_path_less_chosen, uniq_eustachio
D:5:      layout_rooms, gammafunk_temple_overflow_claw,
          grunt_temple_overflow_open, first_ration,
          chequers_serial_rivers_micro_a, nicolae_qazlal_eye_of_the_storm
D:6:      layout_gridville, kennysheep_little_box, fiery_altar_vehumet,
          uniq_grinder
D:7:      layout_rooms, chequers_temple_overflow_minitemple, temple_hall
D:8:      layout_cave_pools, nrook_campfire, grunt_ministairs_10
D:9:      layout_basic, lair_entry_dummy, hangedman_ranch
          [blue_anna_fruit_fields]
Lair:1:   layout_big_grid, infiniplex_staircase_pool_2, lemuel_fruit_fields
Lair:2:   layout_regular_city, minmay_snake_entry_guardpost_large
Lair:3:   gammafunk_lair_enchanted_lake, layout_hall_layers,
          minmay_shoals_entry_hut

Skill      XL: |  1  2  3  4  5  6  7  8  9 10 11 12 |
---------------+-------------------------------------+-----
Stealth        | 1 2 3 4 5 7 8 10 11 12 | 12.1
Fighting       | 4 5 6 7 8 |  8.2
Polearms       | 4 5 6 7 9 10 12 | 12.5
Throwing       | 3 7 9 |  9.9
Dodging        | |  3.0

Action                   |  1- 3 |  4- 6 |  7- 9 | 10-12 || total
-------------------------+-------+-------+-------+-------++-------
Melee: Spear             |    67 |    72 |       |       ||   139
       Constrict         |    12 |    20 |    43 |    44 ||   119
       Tentacles         |    11 |    20 |    51 |    91 ||   173
       Trident           |       |    31 |   344 |   361 ||   736
       Halberd           |       |       |       |     2 ||     2
       Glaive            |       |       |       |    77 ||    77
Throw: Stone             |       |     3 |       |       ||     3
       Dart              |       |       |     2 |     9 ||    11
       Javelin           |       |       |       |    23 ||    23
Invok: Berserk           |     1 |     2 |     7 |     9 ||    19
  Use: Scroll            |     2 |     3 |    11 |     8 ||    24
       Potion            |       |     1 |     6 |     1 ||     8
 Stab: Sleeping          |    15 |    17 |    27 |    17 ||    76
       Invisible         |       |       |     1 |     1 ||     2
       Distracted        |       |       |     1 |     2 ||     3
  Eat: Chunk             |     1 |     7 |    15 |     8 ||    31
       Ration            |       |       |     1 |     6 ||     7
Armor: Skin              |     4 |       |    66 |    58 ||   128
Dodge: Dodged            |    16 |    33 |   172 |   175 ||   396

Table legend:
 A = Non-vault XP
 B = Vault XP
 C = Vault XP percentage of total XP
 D = Non-vault monster count
 E = Vault monster count
 F = Vault count percentage of total count
                 A         B        C        D         E       F
            +---------+---------+-------+---------+---------+-------
      Total |   17728 |    3905 |  18.1 |     257 |      29 |  10.1
            +---------+---------+-------+---------+---------+-------
        D:1 |      33 |       0 |   0.0 |      16 |       0 |   0.0
        D:2 |     137 |      22 |  13.8 |      26 |       9 |  25.7
        D:3 |     238 |       0 |   0.0 |      34 |       0 |   0.0
        D:4 |     299 |     197 |  39.7 |      10 |       1 |   9.1
        D:5 |    1174 |       0 |   0.0 |      23 |       0 |   0.0
        D:6 |     863 |     277 |  24.3 |      28 |       1 |   3.4
        D:7 |    1121 |       0 |   0.0 |      31 |       0 |   0.0
        D:8 |     970 |     118 |  10.8 |      26 |       4 |  13.3
        D:9 |    2067 |    2229 |  51.9 |      26 |       8 |  23.5
     Lair:1 |    4024 |       0 |   0.0 |      14 |       0 |   0.0
     Lair:2 |    2905 |     812 |  21.8 |      17 |       5 |  22.7
     Lair:3 |    3897 |     250 |   6.0 |       6 |       1 |  14.3
            +---------+---------+-------+---------+---------+-------
